 Dungeon Crawl Stone Soup version 0.28.0-45-g0d030f2227 (webtiles) character file.

Game seed: 6282062487089781708

15 psko the Conjurer (level 2, -2/13 HPs)
             Began as a Spriggan Conjurer on May 8, 2022.
             Slain by a worm (8 damage)
             ... on level 1 of the Dungeon.
             The game lasted 00:07:17 (1422 turns).

psko the Conjurer (Spriggan Conjurer)               Turns: 1422, Time: 00:07:18

Health: -2/13      AC:  2    Str:  3    XL:     2   Next: 34%
Magic:  1/6        EV: 17    Int: 25    God:
Gold:   66         SH:  0    Dex: 13    Spells: 3/6 levels left

rFire   . . .      SeeInvis +   b - +0 dagger
rCold   . . .      Faith    .   (no shield)
rNeg    . . .      Spirit   .   a - +0 robe
rPois   .          Reflect  .   (helmet restricted)
rElec   .          Harm     .   (no cloak)
rCorr   .          Rampage  .   (gloves unavailable)
Will    +....                   (boots unavailable)
Stlth   ++........              (no amulet)
HPRegen 0.04/turn               c - ring of willpower
MPRegen 0.10/turn               e - +6 ring of intelligence

@: very quick
A: very small, no large weapons, unfitting armour, see invisible, speed 3
a: no special abilities


You were on level 1 of the Dungeon.
You visited 1 branch of the dungeon, and saw 2 of its levels.

You collected 66 gold pieces.

Inventory:

Hand Weapons
 b - a +0 dagger (weapon)
Missiles
 f - 6 poisoned darts
Armour
 a - a +0 robe (worn)
 g - a +2 ring mail of poison resistance
Jewellery
 c - a ring of willpower (left hand)
 e - a +6 ring of intelligence (right hand)
Potions
 d - 2 potions of brilliance {unknown}


   Skills:
 + Level 2.7 Dodging
 + Level 3.1 Stealth
 + Level 2.9 Spellcasting
 + Level 3.3 Conjurations


You had 3 spell levels left.
You knew the following spells:

 Your Spells              Type           Power      Damage    Failure   Level
a - Magic Dart            Conj           80%        1d7       2%          1
b - Searing Ray           Conj           40%        2d5       4%          2

Your spell library contained the following spells:

 Spells                   Type           Power      Damage    Failure   Level
 Dazzling Flash           Conj/Hex       24%        N/A       16%         3
 Fulminant Prism          Conj/Hex       6%         3d7       45%         4
 Iskenderun's Mystic Bla  Conj/Tloc      12%        2d5       45%         4
 Lee's Rapid Deconstruct  Erth           1%         3d5*      96%         5


Dungeon Overview and Level Annotations

Branches:
Dungeon (2/15)

Altars:


Innate Abilities, Weirdness & Mutations

You are very small and have problems with some larger weapons.
You are too small for most types of armour.
You have supernaturally acute eyesight. (SInv)
You cover ground extremely quickly. (Speed+++)


Message History

(Press . to maintain the ray.)
Casting: Searing Ray (safe; 4% risk of failure)
Confirm with . or Enter, or press ? or * to list all spells.
You don't have enough magic to cast this spell.
Unknown command.
Casting: Searing Ray (safe; 4% risk of failure)
Confirm with . or Enter, or press ? or * to list all spells.
You don't have enough magic to cast this spell.
You swing at nothing.
Casting: Searing Ray (safe; 4% risk of failure)
Confirm with . or Enter, or press ? or * to list all spells.
You don't have enough magic to cast this spell.
Casting: Searing Ray (safe; 4% risk of failure)
Confirm with . or Enter, or press ? or * to list all spells.
Aiming: Magic Dart (safe; 2% risk of failure)
Press: ? - help, Shift-Dir - straight line, f - worm
Aim: a worm (moderately wounded, 100% to hit)
The magic dart hits the worm.
The worm is moderately wounded.
You hit the worm.
The worm is moderately wounded.
You barely miss the worm.
The worm is moderately wounded.
The worm bites you!
Ouch! That really hurt!
You hit the worm.
The worm is moderately wounded.
The worm misses you.
You hit the worm.
The worm is heavily wounded.
You hit the worm.
The worm is heavily wounded.
The worm closely misses you.
You hit the worm.
The worm is heavily wounded.
You hit the worm.
The worm is severely wounded.
The worm bites you!
Ouch! That really hurt!
You die...

...#............'..........'...#
...#............#..........#####
...#.....#.............#####
...#####.#.#........##'####
.w.........#.....#........#
.......#.........#w.......#
##.....#.........#........#
.......##........#........#
.##.............@#(.......#
.##............#w#........#####
..............##.#............#
.................#............#
.................'............#
##...............#............#
###................#####......#
#..............####.###.#.....#
...#####..........##.#.##.....#


You could see a worm.

Vanquished Creatures
  A worm (D:2)
  A bat (D:1)
  An endoplasm (D:1)
  A kobold (D:1)
  3 ball pythons (D:1)
  3 frilled lizards (D:1)
  4 rats (D:1)
14 creatures vanquished.

Vanquished Creatures (others)
  9 plants (D:1)
  13 withered plants (D:1)
22 creatures vanquished.

Grand Total: 36 creatures vanquished

Notes
Turn   | Place    | Note
-------+----------+-------------------------------------------
     0 | D:1      | psko the Spriggan Conjurer began the quest for the Orb.
     0 | D:1      | Reached XP level 1. HP: 9/9 MP: 5/5
   441 | D:1      | Reached XP level 2. HP: 13/13 MP: 3/6
   444 | D:1      | Learned a level 2 spell: Searing Ray
   624 | D:1      | Found a faded altar of an unknown god.
  1422 | D:1      | Slain by a worm

Illustrated notes

Levels and vault maps discovered:
D:1:      dpeg_arrival_long_road, layout_basic,
          shapermc_ecumenical_altar_flowoftime, hex_intersection
D:2:      layout_loops_ring, basic_altar

Skill      XL: |  1 |
---------------+----+-----
Conjurations   | 3 |  3.3
Dodging        | |  2.7
Stealth        | |  3.1
Spellcasting   | |  2.9

Action                   || total
-------------------------++-------
Melee: Dagger            ||   109
       Punch             ||     5
 Cast: Magic Dart        ||    39
       Searing Ray       ||     5
Armor: Robe              ||     1
Dodge: Dodged            ||     5
